 Dungeon Crawl Stone Soup version 0.24.0-123-gd5b16e6ec5 (webtiles) character file.

Game seed: 13216990593874247267, levelgen mode: deterministic

81 Kobolds4U the Ruffian (level 4, 0/45 HPs)
             Began as a Troll Monk on Dec 21, 2019.
             Splashed by a jelly's acid (9 damage)
             ... on level 2 of the Dungeon on Dec 22, 2019.
             The game lasted 00:03:22 (1138 turns).

Kobolds4U the Ruffian (Troll Monk)                  Turns: 1138, Time: 00:03:23

Health: 0/45       AC:  6    Str: 19    XL:     4   Next: 20%
Magic:  3/3        EV: 11    Int:  6    God:
Gold:   78         SH:  0    Dex: 13    Spells: 3/3 levels left

rFire    . . .     SeeInvis .     - Unarmed
rCold    . . .     Gourm    +   (no shield)
rNeg     . . .     Faith    .   a - +0 robe
rPois    .         Spirit   .   (helmet restricted)
rElec    .         Reflect  .   (no cloak)
rCorr    .         Harm     .   (gloves unavailable)
MR       .....                  (boots unavailable)
Stlth    ++........             (no amulet)
HPRegen  0.55/turn              (no ring)
MPRegen  0.08/turn              (no ring)

@: no status effects
A: large, unfitting armour, claws 3, fast metabolism 3, gourmand, regeneration
1, shaggy fur 1, tough skin 3
a: no special abilities


You were on level 2 of the Dungeon.
You were completely stuffed.

You visited 1 branch of the dungeon, and saw 2 of its levels.

You collected 78 gold pieces.

Inventory:

Armour
 a - a +0 robe (worn)
Jewellery
 i - a cursed ring of attention {unknown}
Scrolls
 c - a scroll of magic mapping {unknown}
 e - a scroll of remove curse {unknown}
 h - 2 scrolls of identify {unknown}
Potions
 d - a potion of curing {unknown}
 g - 2 potions of invisibility {unknown}
Comestibles
 b - 4 rations
 f - 5 chunks of flesh


   Skills:
 - Level 3.0 Fighting
 - Level 3.0 Dodging
 - Level 1.1 Stealth
 + Level 3.9 Unarmed Combat


You had 3 spell levels left.
You didn't know any spells.
Your spell library was empty.

Dungeon Overview and Level Annotations

Branches:
Dungeon (2/15)

Altars:


Innate Abilities, Weirdness & Mutations

You are too large for most types of armour.
You have claws for hands.
Your metabolism is lightning-fast.
You like to eat raw meat.
Your natural rate of healing is unusually fast.
You are covered in fur. (AC +1)
You have extremely tough skin. (AC +3)


Message History

The jelly is almost dead.
Unknown command.
You scratch the jelly but do no damage.
Your claws burn!
* * * LOW HITPOINT WARNING * * *
The jelly is almost dead.
You are no longer corroded.
The jelly closely misses you.
You see here 2 stones.
The jelly jiggles.
There is an open door here.
You see here 19 bolts.
Items here: ( )) † a +0 short sword; 3 stones; a +0 dagger; a kobold corpse
There is an open gate here.
Things that are here:
a +0 club; a kobold corpse x2
The jelly hits you.
* * * LOW HITPOINT WARNING * * *
You are splashed with acid!
You die...

##............ .
####÷...######
.....####............#
...............####.#
#..####.###...####.###
#..####.###.#........##
#.....................#
#####..###########.#...
#..@..# #.#)## ##'J'##
#>#.# ##.)†## #.#.#
##..J..## #.#.#
#.......# #.#.#
#...J...# #.#(##
#.......# #..#
#...(...# #..#.#
#....#### ##.#.#


You could see 2 jellies and an ooze.

Vanquished Creatures
  2 adders (D:2)
  3 oozes
  2 dart slugs (D:1)
  7 bats (D:1)
  3 giant cockroaches
  4 goblins
  2 hobgoblins
  2 frilled lizards
  11 kobolds
  16 rats
52 creatures vanquished.

Vanquished Creatures (others)
  3 fungi (D:2)
  7 toadstools (D:2)
10 creatures vanquished.

Grand Total: 62 creatures vanquished

Notes
Turn   | Place    | Note
-------+----------+-------------------------------------------
     0 | D:1      | Kobolds4U the Troll Monk began the quest for the Orb.
     0 | D:1      | Reached XP level 1. HP: 22/22 MP: 0/0
    82 | D:1      | Reached XP level 2. HP: 29/29 MP: 1/1
   635 | D:1      | Reached XP level 3. HP: 36/36 MP: 2/2
  1075 | D:2      | Reached XP level 4. HP: 45/45 MP: 3/3
  1122 | D:2      | HP: 2/45 [acid (2)]
  1138 | D:2      | Splashed by a jelly's acid

Levels and vault maps discovered:
D:1:      dpeg_arrival_orchard, layout_basic, minmay_rat_gold_closets
D:2:      cheibrodos_fertilizer, layout_loops_ring, first_ration

Skill      XL: |  1  2  3 |
---------------+----------+-----
Fighting       | 3 |  3.0
Dodging        | 3 |  3.0
Stealth        | |  1.1
Unarmed Combat | |  3.9

Action                   |  1- 3 |  4- 6 || total
-------------------------+-------+-------++-------
Melee: Unarmed           |    81 |    22 ||   103
       Punch             |       |     1 ||     1
 Stab: Sleeping          |     8 |       ||     8
  Eat: Chunk             |    15 |     1 ||    16
Armor: Robe              |    28 |     4 ||    32
Dodge: Dodged            |    41 |    16 ||    57
